Cogmind - Beta 17 @@@ ROGUE MODE // 2026.07.14 @ 16:11:32 Player: President Manblast Result: Destroyed by D-53 Grenadier with Mini Grenade Launcher Performance ------------- Evolutions (0) 0 Regions Visited (2) 400 Robots Destroyed (22) 110 Value Destroyed (328) 328 Prototype IDs (2) 40 Alien Tech Used (0) 0 Bonus (0) 0 TOTAL SCORE: 878 Bonus ------- None Cogmind --------- Core Integrity 0/250 Matter 244/300 Energy 100/100 System Corruption 6% Temperature Cool (0) Movement Rolling (95) Ox1 Location -10/Mines Parts ------- > --- POWER (1) -------- (None) > --- PROPULSION (2) --- Wheel > --- UTILITY (2) ------ Medium Storage Unit Seismic Detector > --- WEAPON (2) ------- (None) > --- INVENTORY (10) --- Light Ion Engine Light Treads High-capacity Storage Unit High-capacity Matter Pod (200) EM Pulse Gun Medium Laser Small Laser Small Laser Particle Gun Mining Laser Peak State ------------ > --- POWER ------------ Light Ion Engine > --- PROPULSION ------- Light Treads Light Treads > --- UTILITY ---------- Medium Storage Unit Seismic Detector > --- WEAPON ----------- Particle Gun Light Assault Rifle > --- INVENTORY -------- Light Ion Engine Aluminum Leg Aluminum Leg Wheel High-capacity Storage Unit High-capacity Matter Pod EM Pulse Gun Small Laser Grenade Launcher Mining Laser [Rating: 9] Favorites ----------- Power Light Ion Engine Engine Light Ion Engine Propulsion Light Treads Treads Light Treads Wheel Wheel Utility Seismic Detector Device Seismic Detector Storage Medium Storage Unit Weapon Light Assault Rifle Energy Gun Small Laser Ballistic Gun Light Assault Rifle Launcher Grenade Launcher Special Weapon Mining Laser Build | -11 -10 -10 ------- Run | Yrd Mat Min Slots Evolved . | . . . Power . | . . . Propulsion . | . . . Utility . | . . . Weapon . | . . . Parts Attached 15 | 8 5 2 Power 2 | 1 1 . Engine 2 | 1 1 . Core . | . . . Reactor . | . . . Propulsion 4 | 3 . 1 Treads 2 | 2 . . Leg . | . . . Wheel 2 | 1 . 1 Hover . | . . . Flight . | . . . Utility 4 | 2 2 . Device 1 | 1 . . Storage 3 | 1 2 . Processor . | . . . Hackware . | . . . Protection . | . . . Artifact . | . . . Weapon 5 | 2 2 1 Energy Gun 2 | 1 1 . Energy Cannon . | . . . Ballistic Gun 1 | 1 . . Ballistic Cannon . | . . . Launcher 1 | . . 1 Special Weapon 1 | . 1 . Impact Weapon . | . . . Slashing Weapon . | . . . Piercing Weapon . | . . . Special Melee Weapon . | . . . Unidentified Prototypes . | . . . Parts Lost 4 | . . 4 Power 1 | . . 1 Propulsion 1 | . . 1 Utility . | . . . Weapon 2 | . . 2 Highest Loss Streak 4 | . . 4 To Critical Strikes . | . . . Average Backups 8 | 4 8 10 Power . | . 1 1 Propulsion 2 | 2 2 1 Utility 1 | . 1 2 Weapon 3 | 1 3 6 Tool/Special . | . . . Unused Backups 7 | . 2 5 Power 1 | . . 1 Propulsion 2 | . 2 . Utility 1 | . . 1 Weapon 3 | . . 3 Tool/Special . | . . . Average Slot Usage (%) 99 | . 99 98 Engine 14 | . 14 14 Treads 27 | . 27 26 Device 13 | . 13 14 Storage 14 | . 14 14 Energy Gun 13 | . 14 10 Ballistic Gun 12 | . 13 12 Peak Build Rating 9 | 7 9 9 Average Rating 7 | 5 7 8 On Entrance 5 | . 7 9 Avg Prop Armor Cover (%) 13 | . . 13 Naked Turns . | . . . Heaviest Build 23 | 11 23 20 Greatest Support 40 | 40 40 40 Greatest Overweight (x) 2 | 2 . 1 Average Overweight (x) . | . . . Largest Inventory Capacity 10 | 8 10 10 Average Capacity 9 | 7 9 10 Most Carried 10 | 6 10 10 Average Carried 8 | 4 8 10 Final Capacity 10 | 8 10 10 Final Carried 10 | 6 10 10 Class Distribution -------------------- 68% | Mutant 31% | Scavenger-Mutant Dominant Class ---------------- Mutant | -10/Materials Scavenger-Mutant | -10/Mines Resources | -11 -10 -10 ----------- Run | Yrd Mat Min Matter Collected 697 | 233 459 5 Remotely . | . . . Salvage Created 651 | 82 459 110 Parts 39 | 11 24 4 Haulers Intercepted 1 | . 1 . Recyclers Shooed 3 | 1 . 2 Parts Field Recycled . | . . . Retrieved Matter . | . . . Parts Self-Destructed . | . . . Prevented . | . . . Parts Restored . | . . . Kills | -11 -10 -10 ------- Run | Yrd Mat Min Combat Hostiles Destroyed 9 | . 9 . Guns 9 | . 9 . Classes Destroyed 8 | 2 5 1 Worker 3 | 1 1 1 Builder 1 | . . 1 Tunneler 3 | 3 . . Hauler 1 | . 1 . Recycler 3 | . 1 2 Watcher 2 | . 2 . Swarmer 3 | . 3 . Grunt 6 | . 6 . Best Kill Streak 3 | 2 3 3 Combat Bots Only 3 | . 3 . Max Kills in Single Turn 1 | 1 1 1 Gunslinging . | . . . Exploded . | . . . Melee . | . . . Uniques/NPCs Destroyed . | . . . Combat | -11 -10 -10 -------- Run | Yrd Mat Min Hostile Shots Fired 47 | . 29 18 Missed 7 | . 7 . Hits 40 | . 22 18 Projectile 40 | . 22 18 AOE 18 | . . 18 Damage Taken 1053 | . 292 761 Core 257 | . 52 205 Absorbed by Shields . | . . . Regen/Repaired (Parts) 177 | . 177 . Core Remaining (%) 100 | 100 . . Volleys Fired 57 | 9 43 5 Largest 2 | 1 2 1 Hottest 100 | 40 100 30 Shots Fired 94 | 9 79 6 Gun 83 | 9 73 1 Cannon . | . . . Launcher 5 | . . 5 Special 6 | . 6 . Kinetic 37 | . 36 1 Thermal 52 | 9 43 . Explosive 5 | . . 5 Electromagnetic . | . . . Robot Hit Streak 11 | 5 11 6 Robot Miss Streak 5 | 1 5 1 Penetration Max . | . . . Secondary Targets 2 | . 2 . Max Gunslinging Chain 1 | . 1 . Shots Hit Robots 50 | 8 37 5 Core Hits 42 | 5 21 16 Critical Kills . | . . . Critical Parts Destroyed 1 | . 1 . Critical Strikes 1 | . 1 . Destroy 1 | . 1 . Melee Attacks . | . . . Impact . | . . . Slashing . | . . . Piercing . | . . . Sneak Attacks . | . . . Combat Hostiles . | . . . Follow-up Attacks . | . . . Damage Inflicted 798 | 85 456 257 Guns 514 | 85 429 . Cannons . | . . . Explosions 253 | . . 253 Melee . | . . . Ramming 7 | . 3 4 Kinetic 89 | . 89 . Thermal 449 | 85 364 . Explosive 253 | . . 253 Electromagnetic . | . . . Impact . | . . . Slashing . | . . . Piercing . | . . . Highest Corruption 6 | . 6 6 Average Corruption 5 | . 5 6 Corruption Purged . | . . . Corruption Blocked . | . . . Effects 29 | . 27 2 Message Errors 5 | . 5 . Matter Fused 10 | . 10 . Heat Flow Errors 3 | . 2 1 Energy Discharges 5 | . 5 . Parts Rejected 1 | . 1 . Data Loss (minor) 2 | . 2 . Misfires 2 | . 1 1 Weapon Failures 1 | . 1 . Overload Shots . | . . . Overflow Damage 18 | . 14 4 Projectiles 14 | . 14 . Explosions 4 | . . 4 Melee . | . . . Knockbacks . | . . . Impact . | . . . Kinetic . | . . . Secondary . | . . . Self-Inflicted Damage 6 | . . 6 Shots 1 | . . 1 Rammed . | . . . Targets Rammed 2 | . 1 1 Kicked . | . . . Crushed 2 | . 1 1 Highest Temperature 208 | . 208 98 Average Temperature 50 | . 50 51 Received Heat Transfer 75 | . 75 . Siege Activations . | . . . Martial Activations . | . . . Shielding Activations . | . . . Robots Disrupted . | . . . Combat Hostiles . | . . . Robots Corrupted . | . . . Combat Hostiles . | . . . Parts Fried . | . . . Impact Corruptions . | . . . Robots Melted . | . . . Combat Hostiles . | . . . Parts Melted 1 | . 1 . Heat Transferred 1019 | 200 819 . Parts Sabotaged . | . . . Parts Stolen . | . . . Parts Stripped . | . . . Power Chain Reactions . | . . . Alert | -11 -10 -10 ------- Run | Yrd Mat Min Maximum Alert Level . | . . . Low Security (%) 100 | 100 100 100 Level 1 . | . . . Level 2 . | . . . Level 3 . | . . . Level 4 . | . . . Level 5 . | . . . High Security . | . . . Max Security . | . . . Peak Influence 91 | 10 91 29 Initial . | . . . Average 22 | 1 25 6 Influence Increases 346 | 20 288 38 Destroy 0b10 Robot/C 180 | . 180 . Destroy 0b10 Robot/NC 65 | 20 25 20 Destroy Leader 56 | . 56 . Successful Hack 23 | . 23 . Destroy Structure 22 | . 4 18 Influence Decreases 346 | 20 288 38 Time Decay 323 | 20 288 15 Lost Part 23 | . . 23 Squads Dispatched 3 | . 3 . Investigation 1 | . 1 . Extermination . | . . . Reinforcement 2 | . 2 . Assault . | . . . Garrison . | . . . Intercept . | . . . Searches Triggered . | . . . Construction Impeded . | . . . Haulers Reinforced . | . . . Active Scanning Responses . | . . . Cargo Convoy Interrupts . | . . . Stealth | -11 -10 -10 --------- Run | Yrd Mat Min Distress Signals 1 | . 1 . Communications Jammed . | . . . Distress Signals . | . . . Times Spotted 20 | . 18 2 Peak Tracking Total 3 | . 3 2 Tactical Retreats . | . . . Traps | -11 -10 -10 ------- Run | Yrd Mat Min Traps Triggered 7 | . 7 . Indirectly . | . . . Trap Hack Attempts . | . . . Triggered . | . . . Disarmed . | . . . Reprogrammed . | . . . Reused . | . . . Traps Extracted . | . . . Installed . | . . . Triggered . | . . . Machines | -11 -10 -10 ---------- Run | Yrd Mat Min Machines Disabled . | . . . Max in Single Turn . | . . . Machines Repaired . | . . . Machines Dismantled . | . . . Machines Sabotaged . | . . . Overloaded Fab Kills . | . . . Hacking | -11 -10 -10 --------- Run | Yrd Mat Min Machines Accessed 6 | . 6 . Terminals 5 | . 5 . Fabricators . | . . . Repair Stations 1 | . 1 . Recycling Units . | . . . Scanalyzers . | . . . Garrison Access . | . . . Total Hacks 17 | . 17 . Successful 10 | . 10 . Failed 7 | . 7 . Catastrophic . | . . . Database Lockouts . | . . . Manual 8 | . 8 . Terminals 12 | . 12 . Fabricators . | . . . Repair Stations 5 | . 5 . Recycling Units . | . . . Scanalyzers . | . . . Garrison Access . | . . . Terminal Hacks 2 | . 2 . Prototype ID Bank 1 | . 1 . Terminal Index 1 | . 1 . Fabricator Hacks . | . . . Repair Station Hacks 4 | . 4 . Scan Component 2 | . 2 . Repair 2 | . 2 . Recycling Unit Hacks . | . . . Scanalyzer . | . . . Garrison Access Hacks . | . . . Unauthorized Hacks 4 | . 4 . Terminals 4 | . 4 . Botnet 3 | . 3 . Operators 1 | . 1 . Fabricators . | . . . Repair Stations . | . . . Recycling Units . | . . . Scanalyzers . | . . . Garrison Access . | . . . Data Cores Recovered . | . . . Used . | . . . Hacking Detections 5 | . 5 . Full Trace Events . | . . . Feedback Events . | . . . Feedback Blocked . | . . . Robot Schematics Acquired . | . . . Robots Built . | . . . Authchips . | . . . Time . | . . . Total Robot Build Rating . | . . . Part Schematics Acquired . | . . . Parts Built . | . . . Authchips . | . . . Time . | . . . Total Part Build Rating . | . . . Part Studies Acquired . | . . . Parts Repaired 2 | . 2 . Time 52 | . 52 . Parts Recycled . | . . . Recycled Matter . | . . . Retrieved Matter . | . . . Retrieved Components . | . . . Parts Scanalyzed . | . . . Part Schematics Acquired . | . . . Parts Damaged . | . . . Bothacking | -11 -10 -10 ------------ Run | Yrd Mat Min Used RIF Installer . | . . . Robots Hacked . | . . . Non-combat . | . . . Combat . | . . . Robot Hacks Applied . | . . . Relay Couplers Released . | . . . Fabnet Peak Effective % . | . . . Robots Rewired . | . . . Allies Hacked . | . . . Hacks Repelled . | . . . Allies | -11 -10 -10 -------- Run | Yrd Mat Min Total Allies . | . . . Largest Group . | . . . Highest-Rated Group . | . . . Highest-Rated Ally . | . . . Total Orders . | . . . Ally Attacks . | . . . Total Damage . | . . . Kills . | . . . Allies Corrupted . | . . . Allies Melted . | . . . Intel | -11 -10 -10 ------- Run | Yrd Mat Min Active Infowar (turns) 1308 | 22 1217 69 Seismic 1308 | 22 1217 69 Robot Analysis Total . | . . . Derelict Logs Recovered 1 | . . 1 Drone Launches . | . . . Drone Recoveries . | . . . Exploration | -11 -10 -10 ------------- Run | Yrd Mat Min Turns Passed 1523 | 160 1294 69 Spaces Moved 672 | 78 556 38 Core 7 | 7 . . Treads 651 | 69 556 26 Legs . | . . . Wheels 14 | 2 . 12 Hover . | . . . Flight . | . . . Fastest Speed 50 | 50 160 95 Average Speed 157 | 152 160 139 Slowest Speed 160 | 160 160 160 Overloaded Moves . | . . . Propulsion Burnouts . | . . . Robots Hopped . | . . . Potential Cave-ins . | . . . Cave-ins Triggered . | . . . Exploration Rate (%) 32 | 4 76 17 Regions Visited 2 Branch Regions 1 Pre-discovered Areas 1 | . . 1 Known Exits Taken . | . . . Unknown Exits Taken 2 | 1 1 . Scrap Searched . | . . . Spaces Dug 5 | . 5 . Terrain Destroyed 37 | . 5 32 Melee . | . . . Projectile 5 | . 5 . AOE 32 | . . 32 Terrain Rammed . | . . . Walls Destroyed . | . . . Machines Disabled . | . . . Actions | -11 -10 -10 --------- Run | Yrd Mat Min Total 1029 | 106 876 47 Wait 262 | 6 256 . Move 670 | 77 555 38 Hop . | . . . Pick Up 12 | 6 6 . Fast Attach 11 | 7 4 . Attach . | . . . Detach . | . . . Swap 10 | 1 6 3 Drop 5 | . 5 . Fire 57 | 9 43 5 Melee . | . . . Ram . | . . . Kick . | . . . Crush 2 | . 1 1 Escape Stasis . | . . . Rewire . | . . . Trap . | . . . Miscellaneous . | . . . Route ------- -11/Scrapyard -10/Materials (discovered 3 exits: [*Mat x2] / [*Min]) -10/Mines History --------- Turn | Location | Event 27 | -11/Scrapyard | Discovered new exit (range 14) 161 | -11/Scrapyard | Entered Materials 314 | -10/Materials | Build established: Mutant 402 | -10/Materials | Discovered new exit (range 13) 980 | -10/Materials | Discovered new exit (range 7) 1123 | -10/Materials | Repaired Lgt. Treads 1240 | -10/Materials | Discovered new exit (range 6) 1258 | -10/Materials | Build established: Scavenger-Mutant 1303 | -10/Materials | Repaired Lgt. Treads 1455 | -10/Materials | Entered Mines 1456 | -10/Mines | Assembled infested the area 1461 | -10/Mines | Assisted by a Guerilla fighting off Assembled 1476 | -10/Mines | Learned location of Storage (-8) 1481 | -10/Mines | Met a Derelict bent on vengeance 1502 | -10/Mines | Core integrity fell below 50% 1507 | -10/Mines | Core integrity fell below 20% 1524 | -10/Mines | Destroyed by D-53 Grenadier with Mini Grenade Launcher Last Messages --------------- 01493_ System corrupted: FCS attempts to trigger Lgt. Assault Rifle. 01493_ System corrupted: Lgt. Assault Rifle misfires. 01496_ C-45 Heavy ARC bursts open, deploying its payload. 01496_ D-53 Grenadier unfolds itself. 01497_ T-07 Excavator destroyed. 01501_ K-01 Serf destroyed. 01504_ U-05 Engineer destroyed. 01506_ R-06 Scavenger destroyed. 01507_ The unstable cave ceiling collapses. 01508_ Destroyed Lgt. Ion Engine. 01508_ R-06 Scavenger destroyed. 01512_ Lgt. Assault Rifle destroyed. 01513_ The unstable cave ceiling collapses. 01523_ Ion Engine destroyed. 01523_ Lgt. Treads destroyed. 01524_ The unstable cave ceiling collapses. 01524_ Grenade Launcher destroyed. Map ----- +----------------------------------------------------+ | ??????????????????????????????????? | | ??????????????????????????????????? | | ??????????????????????????????????? | | ??????????????????????????????????? | | ??????????????????????????????????? | | ??????????????????????????????????? | | ??????????????????????????????????? | | ??????????????????????????????????? | | ??????????????????????????????????? | | ??????????????????????????????????? | | ??????????????????????????????????? | | ??????????????????????????????????? | | ??????????????????????????????????? | | ??????????????????????????????????? | | ??????????????????????????????????? | | ??????????????????????????????????? | | ??????????????????????????????????? | | ??????????????????????????????????? | | ??????????????????????????????????? | | ??????????????????????????###?????? | | ????????????????????????## ##????? | | ?????????????????????#### #????? | | ?????????????????????# #????? | | ??????????????????#### #????? | | ????##????#???????# #????? | | ????# #??# ?????## @ #?????? | | ??## ??# ????## #????? | | ??# #?# ##### #????? | | ??# ## # ##????? | | ?## # dd ## ?###?????? | | ## # # ###?##?????????? | | # #??????????????? | | """ # #??????????????? | | """ # ## #??????????????? | | """ # #??????????????? | | # """ #??????????????? | | ?# % ! ####??????????????? | | ?###! # ##???????????????? | | ???# #### ##????????????????? | | ???# =% ???###?????????????????? | | ???# % ????????????????????????? | | ???# #????????????????????????? | | ???# #????????????????????????? | | ??##### #????????????????????????? | | ??# = #????????????????????????? | | ??# ######????????????????????????? | | ?##*#####?????????????????????????? | | ?# #?????????????????????????? | | ?# #?????????????????????????? | | ?# #?????????????????????????? | +----------------------------------------------------+ Best States ------------- Heat Dissipation 25 Energy Generation 10 Energy Capacity 250 Matter Stores 500 Matter Capacity 500 Sight Range 16 Terrain Scan Density 10 Evasion (%) 41 Recoil Reduction 2 Item Schematics ----------------- None Robot Schematics ------------------ None Fabricated ------------ Nothing Repaired ---------- Lgt. Treads | 17% | -10/Materials Lgt. Treads | 55% | -10/Materials Studied --------- None Alien Tech Used ----------------- None Achievements -------------- None Challenges ------------ None Game ------ Seed SixExplosiveWyrmscale Manual? 0 Play Time 00:14:43 Cumulative 135.2 hours Start 2026.07.14 @ 15:57:46 End 2026.07.14 @ 16:11:32 Sessions 1 Manual Loads 0 Difficulty Rogue Special Mode None Game No. 63 Rogue 62 Adventurer 1 Explorer 0 Win Type - Total 1 Types 1/0/0/0/0/0/0/0/0/0 Lore% 49 Gallery% 46 Achievement% 38 Wizard Run 0 Options --------- Layout 1 ASCII 0 Keyboard 0 Movement Numpad Keybinds 0 Fullscreen 1 Font 24/Smallcaps Map View 50x35 Zoom Use 0% Tactical HUD 1 Map Filters NONE Filters NONE Steam 1 RUN: 119fac4f-6c90-44dd-b38d-73ec6704e608